 Dungeon Crawl Stone Soup version 0.26-a0-1181-gd376ed14c5 (webtiles) character file.

Game seed: 3472177494352821141

597 sanka the Chopper (level 7, -3/59 HPs)
             Began as a Ghoul Monk on Dec 26, 2020.
             Shot with an arrow by a centaur (8 damage)
             ... on level 5 of the Dungeon.
             The game lasted 00:06:09 (3937 turns).

sanka the Chopper (Ghoul Monk)                      Turns: 3937, Time: 00:06:10

Health: -3/59      AC:  8    Str: 17    XL:     7   Next: 40%
Magic:  6/6        EV: 11    Int:  8    God:
Gold:   308        SH:  0    Dex: 11    Spells: 6/6 levels left

rFire    . . .     SeeInvis .   a - +0 war axe
rCold    + . .     Faith    .   (no shield)
rNeg     + + +     Spirit   .   w - +1 chain mail of the Fife {Regen+ Int+3 Stlth+}
rPois    ∞         Reflect  .   b - +0 helmet
rElec    .         Harm     .   p - +0 cloak
rCorr    .         Rampage  .   r - +0 pair of gloves
Will     .....                  (no boots)
Stlth    ..........             (no amulet)
HPRegen  0.00/turn              u - +4 ring of evasion
MPRegen  0.10/turn              q - ring of attention (curse)

@: corroded
A: claws 1, cold resistance 1, negative energy resistance 3, inhibited
regeneration, torment resistance, unbreathing
a: no special abilities


You were on level 5 of the Dungeon.
You visited 1 branch of the dungeon, and saw 5 of its levels.

You collected 308 gold pieces.


Innate Abilities, Weirdness & Mutations

You thrive by killing the living.
You are immune to poison.
You have sharp fingernails.
Your flesh is cold resistant. (rC+)
You are immune to negative energy. (rN+++)
You do not regenerate when monsters are visible.
You are immune to unholy pain and torment.
You can survive without breathing.


   Skills:
 - Level 4.0 Fighting
 + Level 7.4 Axes
 - Level 2.6 Dodging
 - Level 2.1 Stealth


You had 6 spell levels left.
You didn't know any spells.
Your spell library contained the following spells:

 Spells                   Type           Power        Failure   Level
 Shock                    Conj/Air       0%           100%        1

Inventory:

Hand Weapons
 a - a +0 war axe (weapon)
 x - a +1 whip of electrocution
Missiles
 k - a throwing net {=f}
Armour
 b - a +0 helmet (worn)
 p - a +0 cloak (worn)
 r - a +0 pair of gloves (worn)
 w - the +1 chain mail of the Fife (worn) {Regen+ Int+3 Stlth+}

   It affects your intelligence (+3).
   It increases your rate of regeneration.
   It makes you more stealthy.
Jewellery
 q - a cursed ring of attention (right hand)
 u - a +4 ring of evasion (left hand)
Wands
 c - a wand of iceblast (4)
 v - a wand of disintegration (13)
Scrolls
 f - 3 scrolls of identify {unknown}
 g - 4 scrolls of enchant armour {unknown}
 h - 6 scrolls of remove curse {unknown}
 i - 3 scrolls of teleportation {unknown}
 j - a scroll of blinking {unknown}
 m - a scroll of magic mapping {unknown}
 n - a scroll of fear {unknown}
Potions
 d - 3 potions of curing {unknown}
 e - a potion of brilliance {unknown}
 l - a potion of magic {unknown}
 o - a potion of mutation {unknown}
 s - a potion of attraction {unknown}
 t - a potion of cancellation {unknown}
 z - a potion of flight {unknown}

Dungeon Overview and Level Annotations

Branches:
Dungeon (5/15)             Temple (0/1) D:4

Altars:
Kikubaaqudgha
Okawaru
Sif Muna
Trog
Uskayaw
Wu Jian
Zin

▒.▒ ▒.▒▒.▒.... ▒.▒
▒......... ▒.▒ ▒▒▒▒▒▒...▒
▒.▒▒ ▒▒.▒▒ ▒.(▒ ▒.▒ ▒▒(▒
▒.▒ ▒▒(▒▒▒▒▒▒ ▒▒'▒▒
.▒▒▒▒▒▒▒▒()......▒▒▒▒...▒
......c(n................
.....og(o................
......o))≈≈≈.≈≈≈≈..≈≈≈≈.≈
≈≈≈..ggo≈≈≈≈≈≈≈≈≈≈≈≈≈≈≈≈≈
≈≈≈....≈≈≈≈≈≈≈≈≈≈≈≈≈≈≈≈≈≈
≈≈≈.g.o≈≈≈≈≈≈≈≈≈≈≈≈≈≈≈≈≈≈
▒▒▒▒''▒▒▒▒▒▒▒▒▒▒▒▒▒▒▒▒▒▒▒
... ▒...


You could see a centaur, an orc wizard, 4 orcs, 2 hobgoblins and 2 goblins.


Message History

The orc wizard hits you but does no damage.
The orc hits you from afar with a +0 trident.
* * * LOW HITPOINT WARNING * * *
Your chain mail of the Fife prevents you from hitting the orc.
The orc is severely wounded.
You slash the centaur!
Your chain mail of the Fife prevents you from hitting the goblin.
You hit the orc wizard but do no damage.
You hit the orc but do no damage. The centaur barely misses you.
The orc misses you. The centaur hits you.
* * * LOW HITPOINT WARNING * * *
The goblin hits you.
* * * LOW HITPOINT WARNING * * *
The orc hits you but does no damage. The orc wizard closely misses you.
The orc zaps a wand.
The bolt of acid hits the orc!!
The orc is splashed with acid.
The orc dies!
You hear a splash.
The bolt of acid misses you.
Unknown command.
Unknown command.
Unknown command.
The centaur wields a +0 shortbow.
The centaur shoots an arrow.
The arrow hits you!
You die...

Action                   |  1- 3 |  4- 6 |  7- 9 || total
-------------------------+-------+-------+-------++-------
Melee: Hand axe          |    90 |   213 |       ||   303
       War axe           |       |    68 |    32 ||   100
Evoke: Wand              |       |     1 |       ||     1
Armor: Chain mail        |    77 |   179 |    21 ||   277
Dodge: Dodged            |    50 |   128 |    38 ||   216

Levels and vault maps discovered:
D:1:      minmay_arrival_cross, layout_basic, minmay_tromino_v4_c
D:2:      kennysheep_six_static_rooms, layout_basic,
          nzn_overflow_gifts_of_might_and_magic, grunt_temple_overflow_open,
          okawaru_altar_gauntlet_db
D:3:      cheibrodos_helix_gallery, layout_basic, minmay_misc_feat_doors,
          minmay_close_crescents, uniq_robin
D:4:      layout_basic, zin_statuary, temple_hall, uniq_blork_the_orc,
          uniq_crazy_yiuf_cottage
D:5:      minmay_goblin_kobold_castle, layout_loops_corners

Notes
Turn   | Place    | Note
-------+----------+-------------------------------------------
     0 | D:1      | sanka the Ghoul Monk began the quest for the Orb.
     0 | D:1      | Reached XP level 1. HP: 19/19 MP: 0/0
   198 | D:1      | Reached XP level 2. HP: 23/27 MP: 1/1
   327 | D:1      | Reached skill level 4 in Fighting
   444 | D:1      | Reached skill level 3 in Axes
   768 | D:1      | Reached XP level 3. HP: 33/33 MP: 2/2
   949 | D:2      | Found an iron altar of Okawaru.
  1179 | D:2      | Found an ornate altar of the Wu Jian Council.
  1181 | D:2      | Found an ancient bone altar of Kikubaaqudgha.
  1183 | D:2      | Found a hide-covered altar of Uskayaw.
  1193 | D:2      | Reached XP level 4. HP: 24/40 MP: 3/3
  1196 | D:2      | Reached skill level 4 in Axes
  1687 | D:2      | Found a shimmering blue altar of Sif Muna.
  1703 | D:2      | Reached XP level 5. HP: 40/46 MP: 4/4
  1750 | D:2      | Identified Sif Muna's Catalogue of Flight
  1756 | D:2      | Found a bloodstained altar of Trog.
  2294 | D:3      | Reached skill level 5 in Axes
  2295 | D:3      | Noticed Robin
  2310 | D:3      | Killed Robin
  2842 | D:4      | Found a staircase to the Ecumenical Temple.
  2920 | D:4      | Noticed Blork the orc
  2939 | D:4      | Killed Blork the orc
  2940 | D:4      | Reached XP level 6. HP: 40/52 MP: 5/5
  3038 | D:4      | Got a masterwork chain mail
  3049 | D:4      | Identified the +1 chain mail of the Fife {Regen+ Int+3
                  | Stlth+} (You found it on level 4 of the Dungeon)
  3136 | D:4      | Reached skill level 6 in Axes
  3259 | D:4      | Found a glowing silver altar of Zin.
  3468 | D:4      | Found a runed translucent door.
  3469 | D:4      | Noticed Crazy Yiuf
  3484 | D:4      | Killed Crazy Yiuf
  3629 | D:5      | Entered Level 5 of the Dungeon
  3690 | D:5      | Reached XP level 7. HP: 51/59 MP: 6/6
  3763 | D:5      | Reached skill level 7 in Axes
  3936 | D:5      | HP: 5/59 [goblin (1)]
  3937 | D:5      | Shot with an arrow by a centaur

Vanquished Creatures
  An ice beast (D:5)
  Blork the orc (D:4)
  A centaur zombie (D:5)
  A hound (D:3)
  A centaur skeleton (D:4)
  Crazy Yiuf (D:4)
  2 worker ants
  Robin (D:3)
  8 gnolls
  5 adders
  A white imp (D:2)
  2 worms
  2 leopard geckos
  8 orcs
  3 giant cockroaches
  16 goblins
  13 hobgoblins
  14 jackals
  9 kobolds
  4 quokkas
  4 ball pythons
  8 bats
  3 frilled lizards
  6 rats
115 creatures vanquished.

Vanquished Creatures (others)
  An orc (D:5)
1 creature vanquished.

Grand Total: 116 creatures vanquished
